| TOP OF THE 1ST |
|
Washington Nationals batting - Pitching for Philadelphia Phillies : LHP Phuck II
|
|
Pitching: LHP Phuck II
|
|
|
Batting: SHB Mark Rennie
|
0-0: Ball 1-0: Called Strike 1-1: Called Strike 1-2: Foul Ball, location: 2F 1-2: Ball 2-2: Ball 3-2: Foul Ball, location: 2F 3-2: Ground out 6-3 (Groundball, 6, EV 83.1 MPH)
|
|
Batting: LHB Seth Cook
|
0-0: Ball 1-0: Ball 2-0: Swinging Strike 2-1: Ground out 5-3 (Groundball, 56D, EV 101.2 MPH)
|
|
Batting: RHB John Sanders
|
0-0: Ground out 6-3 (Groundball, P, EV 89.4 MPH)
|
| Top of the 1st over - 0 runs, 0 hits, 0 errors, 0 left on base; Washington 0 - Philadelphia 0 |
| BOTTOM OF THE 1ST |
|
Philadelphia Phillies batting - Pitching for Washington Nationals : LHP Joe Hincks
|
|
Pitching: LHP Joe Hincks
|
|
|
Batting: SHB Lance Franklin
|
0-0: Ball 1-0: Ground out 6-3 (Groundball, 6, EV 90.6 MPH)
|
|
Batting: RHB Chef Belew
|
0-0: Ball 1-0: Ball 2-0: Ball 3-0: Called Strike 3-1: Called Strike 3-2: Fly out, F8 (Flyball, 8RD, EV 90.6 MPH)
|
|
Batting: LHB Osamu Kubo
|
0-0: Called Strike 0-1: SINGLE (Line Drive, 9S, EV 106.9 MPH)
|
|
Batting: RHB Josh Hensley
|
0-0: Ball 1-0: Ball 2-0: Called Strike 2-1: Foul Ball, location: 2F 2-2: Fly out, F7 (Flyball, 78S, EV 91.2 MPH)
|
| Bottom of the 1st over - 0 runs, 1 hit, 0 errors, 1 left on base; Washington 0 - Philadelphia 0 |
| TOP OF THE 2ND |
|
Washington Nationals batting - Pitching for Philadelphia Phillies : LHP Phuck II
|
|
Batting: RHB Dave Vargas
|
0-0: Ball 1-0: Foul Ball, location: 2F 1-1: Ball 2-1: SINGLE (Line Drive, 8RS, EV 88.8 MPH)
|
|
Batting: SHB Tze-meng Gan
|
0-0: Ball 1-0: Swinging Strike 1-1: Foul Ball, location: 2F 1-2: Strikes out looking
|
|
Batting: RHB Dan Fallon
|
0-0: Swinging Strike 0-1: Foul Ball, location: 2F 0-2: Ball 1-2: DOUBLE (Line Drive, 9LS, EV 101.9 MPH) Dave Vargas to third Runner from 3rd tries for Home, SAFE, throw by RF to trailing runner, SAFE at third!
|
|
Batting: LHB Bi-jun Chien
|
0-0: Ball 1-0: Ball 2-0: Ball 3-0: Called Strike 3-1: Foul Ball, location: 2F 3-2: Strikes out swinging
|
|
Batting: RHB Darren McCarty Jr.
|
0-0: Swinging Strike 0-1: Fly out, F8 (Flyball, 8RM, EV 81.9 MPH)
|
| Top of the 2nd over - 1 run, 2 hits, 0 errors, 1 left on base; Washington 1 - Philadelphia 0 |
| BOTTOM OF THE 2ND |
|
Philadelphia Phillies batting - Pitching for Washington Nationals : LHP Joe Hincks
|
|
Batting: LHB Ryan Trombley
|
0-0: Foul Ball, location: 2F 0-1: Called Strike 0-2: Ball 1-2: Fly out, F9 (Flyball, 8RS, EV 93.8 MPH)
|
|
Batting: RHB Quintin Parker
|
0-0: Ball 1-0: Called Strike 1-1: Ground out 6-3 (Groundball, 6, EV 86.9 MPH)
|
|
Batting: LHB Cody Schumacher
|
0-0: Ground out 6-3 (Groundball, 6M, EV 101.2 MPH)
|
| Bottom of the 2nd over - 0 runs, 0 hits, 0 errors, 0 left on base; Washington 1 - Philadelphia 0 |
| TOP OF THE 3RD |
|
Washington Nationals batting - Pitching for Philadelphia Phillies : LHP Phuck II
|
|
Batting: LHB Bob Melley
|
0-0: Ball 1-0: Ball 2-0: Ground out 4-3 (Groundball, 4, EV 76.9 MPH)
|
|
Batting: SHB Mark Rennie
|
0-0: Called Strike 0-1: Foul Ball, location: 2F 0-2: Strikes out swinging
|
|
Batting: LHB Seth Cook
|
0-0: Called Strike 0-1: Ground out 5-3 (Groundball, 56, EV 107.5 MPH)
|
| Top of the 3rd over - 0 runs, 0 hits, 0 errors, 0 left on base; Washington 1 - Philadelphia 0 |
| BOTTOM OF THE 3RD |
|
Philadelphia Phillies batting - Pitching for Washington Nationals : LHP Joe Hincks
|
|
Batting: LHB Mike Davis
|
0-0: Ball 1-0: Swinging Strike 1-1: Foul Ball, location: 2F 1-2: Strikes out looking
|
|
Batting: LHB Nick Canizales
|
0-0: Ball 1-0: Called Strike 1-1: Foul Ball, location: 2F 1-2: Ball 2-2: SINGLE (Line Drive, 56, EV 95.6 MPH)
|
|
Batting: SHB Lance Franklin
|
0-0: Ball 1-0: Foul Ball, location: 2F 1-1: Foul Ball, location: 2F 1-2: Foul Ball, location: 2F 1-2: Strikes out looking
|
|
Batting: RHB Chef Belew
|
0-0: Foul Ball, location: 2F 0-1: Fly out, F7 (Flyball, 7LS, EV 95.6 MPH)
|
| Bottom of the 3rd over - 0 runs, 1 hit, 0 errors, 1 left on base; Washington 1 - Philadelphia 0 |
| TOP OF THE 4TH |
|
Washington Nationals batting - Pitching for Philadelphia Phillies : LHP Phuck II
|
|
Batting: RHB John Sanders
|
0-0: Ball 1-0: Foul Ball, location: 2F 1-1: Ball 2-1: Foul Ball, location: 2F 2-2: Strikes out swinging
|
|
Batting: RHB Dave Vargas
|
0-0: Ground out 4-3 (Groundball, 34, EV 90.6 MPH)
|
|
Batting: SHB Tze-meng Gan
|
0-0: Called Strike 0-1: Foul Ball, location: 2F 0-2: Ball 1-2: Foul Ball, location: 2F 1-2: Strikes out swinging
|
| Top of the 4th over - 0 runs, 0 hits, 0 errors, 0 left on base; Washington 1 - Philadelphia 0 |
| BOTTOM OF THE 4TH |
|
Philadelphia Phillies batting - Pitching for Washington Nationals : LHP Joe Hincks
|
|
Batting: LHB Osamu Kubo
|
0-0: Ball 1-0: Ground out U3 (Groundball, 3, EV 100.0 MPH)
|
|
Batting: RHB Josh Hensley
|
0-0: Foul Ball, location: 2F 0-1: Ball 1-1: Ball 2-1: Ball 3-1: Base on Balls
|
|
Batting: LHB Ryan Trombley
|
0-0: Ball 1-0: Ball 2-0: Ball 3-0: Called Strike 3-1: SINGLE (Line Drive, 7S, EV 108.1 MPH) Josh Hensley to second
|
|
Batting: RHB Quintin Parker
|
0-0: Ball 1-0: Called Strike 1-1: Foul Ball, location: 2F 1-2: DOUBLE (Flyball, 8LXD, EV 112.5 MPH) Josh Hensley scores Ryan Trombley to third
|
|
Batting: LHB Cody Schumacher
|
0-0: Fly out, F7 (Flyball, 7, EV 94.4 MPH) Runner from 3rd tags up, OUT at HOME! 7-2
|
| Bottom of the 4th over - 1 run, 2 hits, 0 errors, 1 left on base; Washington 1 - Philadelphia 1 |
| TOP OF THE 5TH |
|
Washington Nationals batting - Pitching for Philadelphia Phillies : LHP Phuck II
|
|
Batting: RHB Dan Fallon
|
0-0: Swinging Strike 0-1: Swinging Strike 0-2: Ball 1-2: Foul Ball, location: 2F 1-2: Foul Ball, location: 2F 1-2: Strikes out swinging
|
|
Batting: LHB Bi-jun Chien
|
0-0: Ball 1-0: Called Strike 1-1: Ball 2-1: Ground out 3-1 (Groundball, 34, EV 87.5 MPH)
|
|
Batting: RHB Darren McCarty Jr.
|
0-0: Ball 1-0: Called Strike 1-1: Foul Ball, location: 2F 1-2: Ball 2-2: Strikes out looking
|
| Top of the 5th over - 0 runs, 0 hits, 0 errors, 0 left on base; Washington 1 - Philadelphia 1 |
| BOTTOM OF THE 5TH |
|
Philadelphia Phillies batting - Pitching for Washington Nationals : LHP Joe Hincks
|
|
Batting: LHB Mike Davis
|
0-0: Foul Ball, location: 2F 0-1: Called Strike 0-2: TRIPLE (Groundball, 3L, EV 101.9 MPH)
|
|
Batting: LHB Nick Canizales
|
0-0: Called Strike 0-1: Reached on error, E4 (Groundball, 4S, EV 85.6 MPH) Mike Davis scores
|
|
Batting: SHB Lance Franklin
|
0-0: Called Strike 0-1: Ball 1-1: Foul Ball, location: 2F 1-2: Ball 2-2: Fly out, F8 (Flyball, 8RM, EV 97.5 MPH)
|
|
Batting: RHB Chef Belew
|
0-0: Called Strike 0-1: Foul Ball, location: 2F 0-2: Foul Ball, location: 2F 0-2: Fly out, F9 (Flyball, 8RM, EV 93.1 MPH)
|
|
Batting: LHB Osamu Kubo
|
0-0: Fly out, F4 (Popup, 4, EV 63.8 MPH)
|
| Bottom of the 5th over - 1 run, 1 hit, 1 error, 1 left on base; Washington 1 - Philadelphia 2 |
| TOP OF THE 6TH |
|
Washington Nationals batting - Pitching for Philadelphia Phillies : LHP Phuck II
|
|
Batting: LHB Bob Melley
|
0-0: Hit by Pitch
|
|
Batting: SHB Mark Rennie
|
0-0: Called Strike 0-1: Ball 1-1: Ball 2-1: Called Strike 2-2: SINGLE (Line Drive, 6D, EV 99.4 MPH) Bob Melley to second
|
|
Pinch Hitting: RHB Hisayuki Akiyama
|
0-0: Ball 1-0: Ball 2-0: Foul Ball, location: 2F 2-1: TRIPLE (Flyball, 8RXD, EV 100.6 MPH) Bob Melley scores Mark Rennie scores
|
|
Batting: RHB John Sanders
|
0-0: Called Strike 0-1: Swinging Strike 0-2: Foul Ball, location: 2F 0-2: Ball Wild Pitch! Hisayuki Akiyama scores 1-2: Ball 2-2: Ground out U3 (Groundball, 3L, EV 83.1 MPH)
|
|
Batting: RHB Dave Vargas
|
0-0: Called Strike 0-1: Foul Ball, location: 2F 0-2: Strikes out looking
|
|
Batting: SHB Tze-meng Gan
|
0-0: Foul Ball, location: 2F 0-1: Ball 1-1: Swinging Strike 1-2: Ball 2-2: Foul Ball, location: 2F 2-2: Foul Ball, location: 2F 2-2: Strikes out swinging
|
| Top of the 6th over - 3 runs, 2 hits, 0 errors, 0 left on base; Washington 4 - Philadelphia 2 |
| BOTTOM OF THE 6TH |
|
Philadelphia Phillies batting - Pitching for Washington Nationals : LHP Joe Hincks
|
|
Now at 1B: Bi-jun Chien
|
|
|
Now in LF: Jeff Luvisi
|
|
|
Batting: RHB Josh Hensley
|
0-0: Ball 1-0: Foul Ball, location: 2F 1-1: Foul Ball, location: 2F 1-2: Ball 2-2: Fly out, F8 (Flyball, 8RD, EV 101.2 MPH)
|
|
Batting: LHB Ryan Trombley
|
0-0: Ground out 4-3 (Groundball, 4, EV 103.1 MPH)
|
|
Batting: RHB Quintin Parker
|
0-0: Ball 1-0: Called Strike 1-1: Swinging Strike 1-2: Strikes out swinging
|
| Bottom of the 6th over - 0 runs, 0 hits, 0 errors, 0 left on base; Washington 4 - Philadelphia 2 |
| TOP OF THE 7TH |
|
Washington Nationals batting - Pitching for Philadelphia Phillies : LHP Phuck II
|
|
Batting: RHB Dan Fallon
|
0-0: Called Strike 0-1: Ball 1-1: Called Strike 1-2: Ball 2-2: Strikes out swinging
|
|
Batting: LHB Bi-jun Chien
|
0-0: Swinging Strike 0-1: Ball 1-1: Foul Ball, location: 2F 1-2: Strikes out swinging
|
|
Batting: RHB Darren McCarty Jr.
|
0-0: Ball 1-0: Ball 2-0: Ball 3-0: Base on Balls
|
|
Batting: LHB Bob Melley
|
0-0: Ball 1-0: Called Strike 1-1: Swinging Strike 1-2: Foul Ball, location: 2F 1-2: Foul Ball, location: 2F 1-2: Foul Ball, location: 2F 1-2: SINGLE (Line Drive, 34D, EV 105.0 MPH) Darren McCarty Jr. to second Runner from 2nd tries for 3rd, SAFE, throw by RF made to third
|
|
Batting: SHB Mark Rennie
|
0-0: Ball 1-0: Ground out U3 (Groundball, 3, EV 87.5 MPH)
|
| Top of the 7th over - 0 runs, 1 hit, 0 errors, 2 left on base; Washington 4 - Philadelphia 2 |
| BOTTOM OF THE 7TH |
|
Philadelphia Phillies batting - Pitching for Washington Nationals : LHP Joe Hincks
|
|
Batting: LHB Cody Schumacher
|
0-0: Ball 1-0: Fly out, F8 (Flyball, 78D, EV 102.5 MPH)
|
|
Batting: LHB Mike Davis
|
0-0: Foul Ball, location: 2F 0-1: Ground out 5-3 (Groundball, 5, EV 90.6 MPH)
|
|
Batting: LHB Nick Canizales
|
0-0: Ball 1-0: SINGLE (Line Drive, 78S, EV 100.0 MPH)
|
|
Batting: SHB Lance Franklin
|
0-0: Foul Ball, location: 2F 0-1: Hit by Pitch Nick Canizales to second
|
|
Batting: RHB Chef Belew
|
0-0: Swinging Strike 0-1: Ball 1-1: Swinging Strike 1-2: Ball 2-2: DOUBLE (Line Drive, 7LM, EV 104.4 MPH) Nick Canizales scores Lance Franklin to third Runner from 3rd tries for Home, SAFE, throw by LF to home
|
|
Batting: LHB Osamu Kubo
|
0-0: Called Strike 0-1: Ball 1-1: Ball 2-1: Ground out 6-3 (Groundball, 6M, EV 100.0 MPH)
|
| Bottom of the 7th over - 2 runs, 2 hits, 0 errors, 1 left on base; Washington 4 - Philadelphia 4 |
| TOP OF THE 8TH |
|
Washington Nationals batting - Pitching for Philadelphia Phillies : LHP Phuck II
|
|
Pitching: RHP Josh Cornishen
|
|
|
Batting: LHB Jeff Luvisi
|
0-0: Ground out 6-3 (Groundball, 6, EV 88.8 MPH)
|
|
Batting: RHB John Sanders
|
0-0: Fly out, F8 (Flyball, 8LD, EV 88.8 MPH)
|
|
Batting: RHB Dave Vargas
|
0-0: Ball 1-0: Ball 2-0: SINGLE (Groundball, 4D, EV 105.0 MPH)
|
|
Batting: SHB Tze-meng Gan
|
0-0: Ball 1-0: Ball 2-0: Called Strike 2-1: Ball 3-1: Base on Balls Dave Vargas to second
|
|
Batting: RHB Dan Fallon
|
0-0: 3-RUN HOME RUN (Flyball, 9LD, EV 94.4 MPH), Distance : 348 ft
|
|
Batting: LHB Bi-jun Chien
|
0-0: Ball 1-0: Ball 2-0: Called Strike 2-1: Ball 3-1: Fly out, F7 (Flyball, 7LS, EV 79.4 MPH)
|
| Top of the 8th over - 3 runs, 2 hits, 0 errors, 0 left on base; Washington 7 - Philadelphia 4 |
| BOTTOM OF THE 8TH |
|
Philadelphia Phillies batting - Pitching for Washington Nationals : LHP Joe Hincks
|
|
Batting: RHB Josh Hensley
|
0-0: Ball 1-0: SINGLE (Groundball, 6MD, EV 104.4 MPH)
|
|
Pinch Hitting: RHB Chris Pounds
|
0-0: Ball 1-0: Fly out, F9 (Line Drive, 89M, EV 84.4 MPH)
|
|
Pitching: RHP Oleg Bahanov
|
|
|
Batting: RHB Quintin Parker
|
0-0: Grounds into double play, 5-4-3 (Groundball, 56, EV 83.8 MPH)
|
| Bottom of the 8th over - 0 runs, 1 hit, 0 errors, 0 left on base; Washington 7 - Philadelphia 4 |
| TOP OF THE 9TH |
|
Washington Nationals batting - Pitching for Philadelphia Phillies : RHP Josh Cornishen
|
|
Now in LF: Danny Hill
|
|
|
Now in RF: Osamu Kubo
|
|
|
Batting: RHB Darren McCarty Jr.
|
0-0: Ball 1-0: SINGLE (Groundball, 6M, EV 97.5 MPH) (infield hit)
|
|
Batting: LHB Bob Melley
|
0-0: Foul Ball, location: 2F 0-1: Ball Darren McCarty Jr. is caught stealing 2nd base 2-6 1-1: Foul Ball, location: 2F 1-2: DOUBLE (Groundball, 3L, EV 93.8 MPH)
|
|
Batting: SHB Mark Rennie
|
0-0: Called Strike 0-1: Foul Ball, location: 2F 0-2: Foul Ball, location: 2F 0-2: Ball 1-2: Foul Ball, location: 2F 1-2: Ball 2-2: Strikes out swinging
|
|
Batting: LHB Jeff Luvisi
|
0-0: Called Strike 0-1: DOUBLE (Line Drive, 78D, EV 102.5 MPH) Bob Melley scores
|
|
Pitching: RHP Nick Turner
|
|
|
Batting: RHB John Sanders
|
0-0: Ball 1-0: SINGLE (Groundball, 56D, EV 101.2 MPH) Jeff Luvisi to third Runner from 3rd tries for Home, throw by LF and OUT! 7-2
|
| Top of the 9th over - 1 run, 4 hits, 0 errors, 1 left on base; Washington 8 - Philadelphia 4 |
| BOTTOM OF THE 9TH |
|
Philadelphia Phillies batting - Pitching for Washington Nationals : RHP Oleg Bahanov
|
|
Batting: LHB Cody Schumacher
|
0-0: Foul Ball, location: 2F 0-1: Ball 1-1: Called Strike 1-2: Ball 2-2: Ball 3-2: Base on Balls
|
|
Batting: LHB Mike Davis
|
0-0: Called Strike 0-1: Hit by Pitch Cody Schumacher to second
|
|
Pitching: RHP David Sly
|
|
|
Batting: LHB Nick Canizales
|
0-0: Ball 1-0: Ball 2-0: Called Strike 2-1: Ball 3-1: SINGLE (Groundball, 4M, EV 110.6 MPH) (infield hit) Cody Schumacher to third Mike Davis to second
|
|
Batting: SHB Lance Franklin
|
0-0: Swinging Strike 0-1: Fielders Choice at 2nd, 3-6 (Groundball, 34, EV 85.6 MPH) Cody Schumacher scores Mike Davis to third
|
|
Pinch Hitting: LHB Brad Turner
|
0-0: Ball 1-0: Foul Ball, location: 2F 1-1: Ball 2-1: 3-RUN HOME RUN (Flyball, 9D, EV 99.4 MPH), Distance : 385 ft
|
|
Batting: LHB Osamu Kubo
|
0-0: Foul Ball, location: 2F 0-1: Swinging Strike 0-2: Strikes out swinging
|
|
Batting: RHB Josh Hensley
|
0-0: Called Strike 0-1: Called Strike 0-2: Ball 1-2: Fly out, F7 (Flyball, 7, EV 95.6 MPH)
|
| Bottom of the 9th over - 4 runs, 2 hits, 0 errors, 0 left on base; Washington 8 - Philadelphia 8 |
| TOP OF THE 10TH |
|
Washington Nationals batting - Pitching for Philadelphia Phillies : RHP Nick Turner
|
|
Now at C: Brad Turner
|
|
|
Batting: RHB Dave Vargas
|
0-0: Foul Ball, location: 2F 0-1: Called Strike 0-2: Ball 1-2: Ball 2-2: Ball 3-2: Fly out, F9 (Flyball, 9, EV 78.1 MPH)
|
|
Batting: SHB Tze-meng Gan
|
0-0: Foul Ball, location: 2F 0-1: Called Strike 0-2: Ball 1-2: Strikes out looking
|
|
Pinch Hitting: LHB Emmanuel Gaskin
|
0-0: Ball 1-0: Foul Ball, location: 2F 1-1: Ball 2-1: Foul Ball, location: 2F 2-2: Ball 3-2: Foul Ball, location: 2F 3-2: Base on Balls
|
|
Batting: LHB Bi-jun Chien
|
0-0: Ball 1-0: Ball 2-0: Foul Ball, location: 2F 2-1: Ball 3-1: Fly out, F7 (Flyball, 78M, EV 81.2 MPH)
|
| Top of the 10th over - 0 runs, 0 hits, 0 errors, 1 left on base; Washington 8 - Philadelphia 8 |
| BOTTOM OF THE 10TH |
|
Philadelphia Phillies batting - Pitching for Washington Nationals : RHP David Sly
|
|
Now at C: Emmanuel Gaskin
|
|
|
Batting: LHB Danny Hill
|
0-0: Ball 1-0: Ball 2-0: Ball 3-0: Called Strike 3-1: Base on Balls
|
|
Batting: RHB Quintin Parker
|
0-0: Ball 1-0: Sac Bunt to 23 - play at first, batter safe! Danny Hill to second
|
|
Batting: LHB Cody Schumacher
|
0-0: Ball 1-0: Swinging Strike 1-1: Swinging Strike 1-2: Ball 2-2: Ball 3-2: Strikes out swinging
|
|
Pitching: RHP Caleb Westbay
|
|
|
Batting: LHB Mike Davis
|
0-0: Fly out, F8 (Flyball, 8RXD, EV 85.6 MPH) Runner from 2nd tags up, SAFE at 3rd, no throw by CF
|
|
Batting: LHB Nick Canizales
|
0-0: Swinging Strike 0-1: Foul Ball, location: 2F 0-2: Ball 1-2: Ball 2-2: Foul Ball, location: 2F 2-2: SINGLE (Line Drive, 7S, EV 95.6 MPH) Danny Hill scores
|
| Bottom of the 10th over - 1 run, 2 hits, 0 errors, 1 left on base; Washington 8 - Philadelphia 9 |
|